 Dungeon Crawl Stone Soup version 0.21-a0-401-g0b6bec4 (webtiles) character file.

147 kae the Digger (level 5, -11/42 HPs)
             Began as a Gargoyle Earth Elementalist on Oct 23, 2017.
             Killed by divine providence
             ... invoked by an orc priest
              (13 damage)
             ... on level 3 of the Dungeon.
             The game lasted 00:02:22 (1942 turns).

kae the Digger (Gargoyle Earth Elementalist)        Turns: 1942, Time: 00:02:22

Health: -11/42     AC: 22    Str: 11    XL:     5   Next: 29%
Magic:  4/18       EV:  2    Int: 17    God:
Gold:   134        SH:  0    Dex: 12    Spells: 9/10 levels left

rFire    . . .     SeeInvis .   j - +0 hand axe
rCold    . . .     Gourm    .   (no shield)
rNeg     + + +     Faith    .   (armour currently unavailable)
rPois    ∞         Spirit   .   (helmet currently unavailable)
rElec    .         Reflect  .   (cloak currently unavailable)
rCorr    .         Harm     .   (gloves currently unavailable)
MR       .....     NoTele   +   (boots currently unavailable)
Stlth    ++........             (no amulet)
HPRegen  0.14/turn              o - ring of positive energy
MPRegen  0.16/turn              n - ring of magical power

@: tree-form (expiring), very slightly contaminated
A: agile 1, negative energy resistance 1, petrification resistance, rot
immunity, AC +4
a: no special abilities


You were on level 3 of the Dungeon.
You were not hungry.
You were a tree.
You visited 1 branch of the dungeon, and saw 3 of its levels.

You collected 134 gold pieces.

Inventory:

Hand Weapons
 j - a +0 hand axe (weapon)
Missiles
 b - 60 stones (quivered)
Armour
 c - a +1 robe (melded)
Jewellery
 h - an uncursed ring of protection from magic {unknown}
 n - a ring of magical power (right branch)
 o - a ring of positive energy (left branch)
Potions
 k - a potion of brilliance
 s - a potion of mutation
Books
 e - a book of Geomancy

   Spells                             Type                      Level
   a - Sandblast                      Earth                        1
   b - Passwall                       Transmutation/Earth          2
   c - Stone Arrow                    Conjuration/Earth            3
   d - Petrify                        Transmutation/Earth          4
   e - Lee's Rapid Deconstruction     Earth                        5
Comestibles
 d - 5 bread rations
 g - 3 meat rations
 i - 3 royal jellies
 q - a fruit


   Skills:
 - Level 1.5 Dodging
 - Level 2.1 Stealth
 + Level 3.2 Spellcasting
   Level 0.7 Transmutations
 * Level 6.1 Earth Magic


You had 9 spell levels left.
You knew the following spells:

 Your Spells              Type           Power        Failure   Level  Hunger
a - Sandblast             Erth           ###...       1%          1    None


Dungeon Overview and Level Annotations

Branches:
Dungeon (3/15)

Altars:
Elyvilon
Hepliaklqana
Makhleb
Nemelex Xobeh
Uskayaw


Innate Abilities, Weirdness & Mutations

You are resistant to torment.
((Your stone body is resilient. (AC +4)))
You are immune to poison.
You resist negative energy. (rN+)
((You are resistant to electric shocks. (rElec)))
((You can survive without breathing.))
You are immune to petrification.
You are immune to rotting.
You are agile. (Dex +2)
((You can translocate small distances at will.))


Message History

Casting: Sandblast
Confirm with . or Enter, or press ? or * to list all spells.
Aiming: Sandblast
Press: ? - help, Shift-Dir - straight line, f/p - orc priest
Aim: an orc priest, wielding a dagger and wearing a scale mail (moderately wounded)
The blast of sand hits the orc priest.
The orc priest is moderately wounded.
b - 61 stones The orc priest hits you but does no damage.
Casting: Sandblast
Confirm with . or Enter, or press ? or * to list all spells.
Aiming: Sandblast
Press: ? - help, Shift-Dir - straight line, f/p - orc priest
Aim: an orc priest, wielding a dagger and wearing a scale mail (moderately wounded)
The blast of sand hits the orc priest.
The orc priest is severely wounded.
b - 60 stones The orc priest invokes the aid of Beogh against you.
Beogh smites you!
You die...

####.........##
..............#
#.........#
#.........# ######
#..†......# #....#
#....)....# #....#
##.......## #....#
### ####o#### ##....#
..# ####♣# #.....#
..# #....# ##.....#
..# #....## ##......#
..#
####.....####..##.###
..#
#......_......###.#
..# #.####....)##.#
#.# ..# #.#
##....##.###.# ..#
#.# #....##...#.# ###
#.#
#.#####.[.#.######


You could see an orc priest.

Vanquished Creatures
  An orc wizard (D:3)
  3 adders
  2 oozes
  A worm (D:2)
  A dart slug (D:1)
  2 leopard geckos
  8 orcs
  2 ball pythons
  3 giant cockroaches
  8 hobgoblins
  9 jackals
  6 kobolds
  A quokka (D:3)
  5 bats
  3 frilled lizards
  3 goblins
  5 rats
63 creatures vanquished.

Notes
Turn   | Place    | Note
-------+----------+-------------------------------------------
     0 | D:1      | kae the Gargoyle Earth Elementalist began the quest for the Orb.
     0 | D:1      | Reached XP level 1. HP: 10/10 MP: 3/3
   135 | D:1      | Reached skill level 4 in Earth Magic
   210 | D:1      | Reached XP level 2. HP: 15/15 MP: 3/5
   728 | D:2      | Reached XP level 3. HP: 19/19 MP: 6/6
   842 | D:2      | Found a sparkling altar of Nemelex Xobeh.
   901 | D:2      | Found a white marble altar of Elyvilon.
  1086 | D:2      | Reached skill level 5 in Earth Magic
  1237 | D:2      | Found a hazy altar of Hepliaklqana.
  1278 | D:2      | Reached XP level 4. HP: 18/24 MP: 8/8
  1625 | D:3      | Found a burning altar of Makhleb.
  1814 | D:3      | Found a hide-covered altar of Uskayaw.
  1818 | D:3      | Noticed a hand axe
  1818 | D:3      | Noticed a hand axe
  1927 | D:3      | Reached skill level 6 in Earth Magic
  1927 | D:3      | Reached XP level 5. HP: 2/28 MP: 9/9
  1929 | D:3      | Gained mutation: You are agile. (Dex +2) [potion of mutation]
  1929 | D:3      | Gained mutation: You can translocate small distances at will. [potion of mutation]
  1936 | D:3      | HP: 2/42 [orc priest/divine providence (15)]
  1942 | D:3      | Killed from afar by an orc priest

Vault maps used:
D:1:      zaba_arrival_water, st_stairs_4
D:2:      marbit_many_paths, lemuel_crystal_altar, first_bread, fountainhead,
          nemelex_dance_club_becter
D:3:      nicolae_overflow_crystal_walls, dancing_weapons_uskayaw,
          grunt_ministairs_8

Skill      XL: |  1  2  3  4 |
---------------+-------------+-----
Earth Magic    | 4 5 6 |  6.1
Spellcasting   | 3 |  3.2
Dodging        | |  1.5
Stealth        | |  2.1
Transmutations | |  0.7

Action                   |  1- 3 |  4- 6 || total
-------------------------+-------+-------++-------
Melee: Unarmed           |    11 |       ||    11
       Hand axe          |    66 |    57 ||   123
 Cast: Sandblast         |    22 |    30 ||    52
  Use: Scroll            |     1 |     4 ||     5
       Potion            |       |     4 ||     4
 Stab: Sleeping          |     4 |     1 ||     5
  Eat: Chunk             |     1 |     3 ||     4
Armor: Robe              |    34 |    33 ||    67
       Skin              |       |     6 ||     6
Dodge: Dodged            |    73 |    77 ||   150

Table legend:
 A = Spawn XP
 B = Non-spawn XP
 C = Spawn XP percentage of total XP
 D = Spawn monster count
 E = Non-spawn monster count
 F = Spawn count percentage of total count
 G = Total turns spent on level
                    A         B        C        D         E        F      G
               +---------+---------+-------+---------+---------+-------+---------
         Total |       0 |     210 |   0.0 |       0 |      63 |   0.0 |  1942
               +---------+---------+-------+---------+---------+-------+---------
           D:1 |       0 |      19 |   0.0 |       0 |      12 |   0.0 |   530
           D:2 |       0 |      74 |   0.0 |       0 |      22 |   0.0 |   961
           D:3 |       0 |     117 |   0.0 |       0 |      29 |   0.0 |   451
               +---------+---------+-------+---------+---------+-------+---------
